 Dungeon Crawl Stone Soup version 0.29-a0-330-g52719c12eb (webtiles) character file.

Game seed: 10248062286925935348

1065 kae the Firebug (level 8, -5/46 HPs)
             Began as an Octopode Fire Elementalist on Apr 23, 2022.
             Was an Initiate of Ashenzari.
             Slain by an unseen horror (10 damage)
             ... on level 6 of the Dungeon.
             The game lasted 00:03:46 (7034 turns).

kae the Firebug (Octopode Fire Elementalist)        Turns: 7034, Time: 00:03:47

Health: -5/46      AC:  1    Str:  7    XL:     8   Next: 27%
Magic:  8/15       EV: 13    Int: 19    God:    Ashenzari [......]
Gold:   311        SH:  0    Dex: 13    Spells: 4/17 levels left

rFire   + + .      SeeInvis .   (no weapon)
rCold   x x .      Faith    .   (no shield)
rNeg    . . .      Spirit   .   (helmet restricted)
rPois   .          Reflect  .   (no amulet)
rElec   .          Harm     .   b - ring "Enlightened Omission" {Fire, Bglg, Elem} (curse)
rCorr   .          Rampage  .   j - ring of fire
Will    .....                   (no ring)
Stlth   +++.......              (no ring)
HPRegen 0.15/turn               (no ring)
MPRegen 0.14/turn               (no ring)
                                (no ring)
                                (no ring)

@: no status effects
A: almost no armour, amphibious, 8 rings, camouflage 1, gelatinous body 1,
(nimble swimmer 1), tentacles
a: Renounce Religion, Shatter the Chains


You were on level 6 of the Dungeon.
You worshipped Ashenzari.
Ashenzari was noncommittal.
You visited 2 branches of the dungeon, and saw 7 of its levels.

You collected 311 gold pieces.

Inventory:

Jewellery
 b - the cursed ring "Enlightened Omission" (left tentacle) {Fire, Bglg, Elem}
   (You found it on level 1 of the Dungeon)

   [ring of fire]

   It enhances your fire magic.
   rF:        It protects you from fire.
   rC:        It makes you vulnerable to cold.
   It has a curse which improves the following skills: Beguiling: Conjurations,
   Hexes and Translocations.
   Elements:  Fire Magic, Ice Magic, Air Magic and Earth Magic.
 j - a ring of fire (right tentacle)
Scrolls
 c - a scroll of enchant weapon
 d - 2 scrolls of identify
 e - 3 scrolls of teleportation
 l - a scroll of holy word
 s - a scroll of immolation {unknown}
 t - a scroll of fog {unknown}
Potions
 a - a potion of magic
 f - 2 potions of haste
 g - 2 potions of heal wounds
 h - a potion of invisibility {unknown}
 i - 2 potions of flight
 k - a potion of mutation {unknown}
 m - 3 potions of lignification {unknown}
 n - a potion of cancellation {unknown}
 o - a potion of degeneration {unknown}
 p - a potion of brilliance {unknown}
 q - a potion of attraction {unknown}
 r - a potion of might {unknown}


   Skills:
 - Level 2.0 Dodging
 - Level 2.6 Stealth
 + Level 5.3 Spellcasting
 + Level 5.3(5.8) Conjurations
 + Level 6.2(6.6) Fire Magic


You had 4 spell levels left.
You knew the following spells:

 Your Spells              Type           Power      Damage    Failure   Level
a - Foxfire               Conj/Fire      100%       2x1d9     1%          1
b - Scorch                Fire           100%       2d10      1%          2
c - Conjure Flame         Conj/Fire      59%        6-21      2%          3
d - Inner Flame           Hex/Fire       40%        N/A       9%          3
e - Flame Wave            Conj/Fire      59%        2d11      9%          4

Your spell library contained the following spells:

 Spells                   Type           Power      Damage    Failure   Level
 Stone Arrow              Conj/Erth      32%        3d9       11%         3
 Animate Skeleton         Necr           10%        N/A       12%         1
 Apportation              Tloc           10%        N/A       12%         1
 Sandblast                Erth           10%        2d5       12%         1
 Summon Small Mammal      Summ           20%        N/A       12%         1
 Passwall                 Tmut/Erth      4%         N/A       19%         2


Dungeon Overview and Level Annotations

Branches:
Dungeon (6/15)             Temple (1/1) D:4

Altars:
Ashenzari
Cheibriados
Dithmenos
Elyvilon
Gozag
Hepliaklqana
Kikubaaqudgha
Makhleb
Nemelex Xobeh
Okawaru
Ru
Trog
Uskayaw
Vehumet
Xom
Yredelemnul

Shops:
D:5 (

Annotations:
D:2 exclusion: 2 gnolls
D:3 3 runed translucent doors, Ajdolov's ghost, amateur VSFi
D:5 Pikel
D:6 Edmund


Innate Abilities, Weirdness & Mutations

You cannot wear most types of armour.
You are amphibious.
You can wear up to eight rings at the same time.
Your skin changes colour to match your surroundings (Stealth+).
Your rubbery body absorbs attacks. (AC +1, EV +1)
((You are camouflaged when in or above water. (Stealth+)))
You have tentacles for arms and can constrict up to eight enemies at once.


Message History

Confirm with . or Enter, or press ? or * to list all spells.
You feel a strong surge of power!
There is not enough space to conjure foxfire!
Casting: Foxfire (safe; 1% risk of failure)
Confirm with . or Enter, or press ? or * to list all spells.
You feel a strong surge of power!
There is not enough space to conjure foxfire!
Casting: Foxfire (safe; 1% risk of failure)
Confirm with . or Enter, or press ? or * to list all spells.
You feel a strong surge of power!
There is not enough space to conjure foxfire!
Casting: Foxfire (safe; 1% risk of failure)
Confirm with . or Enter, or press ? or * to list all spells.
You feel a strong surge of power!
There is not enough space to conjure foxfire!
Unknown command.
Your foxfire dissipates!
Your foxfire dissipates!
Casting: Foxfire (safe; 1% risk of failure)
Confirm with . or Enter, or press ? or * to list all spells.
You feel a strong surge of power!
You conjure some foxfire!
The foxfire hits something.
The foxfire hits something!
Something hits you!
Deactivating autopickup; reactivate with Ctrl-A.
Casting: Foxfire (safe; 1% risk of failure)
Confirm with . or Enter, or press ? or * to list all spells.
You feel a strong surge of power!
You conjure some foxfire!
Something hits you! x2
The foxfire hits something.
Something hits you.
Casting: Foxfire (safe; 1% risk of failure)
Confirm with . or Enter, or press ? or * to list all spells.
You feel a strong surge of power!
You conjure some foxfire!
Something hits you.
The foxfire hits something.
Something hits you.
* * * LOW HITPOINT WARNING * * *
Something barely misses you.
Casting: Foxfire (safe; 1% risk of failure)
Confirm with . or Enter, or press ? or * to list all spells.
You feel a strong surge of power!
You conjure some foxfire!
Something hits you.
* * * LOW HITPOINT WARNING * * *
Something hits you!
You die...

##.##############.##......#
..........# #............#
..........# #.#......##'##
..........#
#>####.####.########
..........# #......#
#....#.... ..........#
#####..# ####.#.#.#
########### #..# #.#.#.#
#########..### #.#.#..
#....§v@#....# #.#.###
#>#####.##.#.# #.#...#
#.....# #.##.#.# #.###.#
#.###.. #....#.# #.....#
.... ######.# ####### .#.#.
.. .. .{.. ## .. ## #. .#.
..


There were no monsters in sight!

Vanquished Creatures
  Grinder (D:6)
  An orc warrior (D:5)
  An ice beast (D:5)
  An ogre (D:4)
  Blork the orc (D:6)
  A necrophage (D:5)
  3 scorpions
  A jelly (D:6)
  An orc priest (D:3)
  An iguana (D:4)
  3 orc wizards
  4 adders
  2 white imps (D:5)
  4 dart slugs
  8 orcs
  4 endoplasms
  4 giant cockroaches
  7 goblins
  4 hobgoblins
  8 jackals (D:1)
  3 quokkas
  10 ball pythons
  A bat (D:1)
  5 frilled lizards
  4 kobolds
  3 rats
86 creatures vanquished.

Vanquished Creatures (others)
  306 foxfires
306 creatures vanquished.

Grand Total: 392 creatures vanquished

Notes
Turn   | Place    | Note
-------+----------+-------------------------------------------
     0 | D:1      | kae the Octopode Fire Elementalist began the quest for the
                  | Orb.
     0 | D:1      | Reached XP level 1. HP: 11/11 MP: 3/3
    67 | D:1      | Reached XP level 2. HP: 17/17 MP: 1/5
   230 | D:1      | Learned a level 2 spell: Scorch
   604 | D:1      | Reached XP level 3. HP: 21/21 MP: 4/6
   615 | D:1      | Learned a level 3 spell: Conjure Flame
  1843 | D:2      | Reached XP level 4. HP: 27/27 MP: 5/8
  2543 | D:3      | Found a runed translucent gate.
  2543 | D:3      | Found a runed translucent gate.
  2543 | D:3      | Found a runed translucent gate.
  2928 | D:3      | Reached skill level 4 in Fire Magic
  2928 | D:3      | Reached XP level 5. HP: 22/31 MP: 2/9
  3783 | D:3      | Noticed Ajdolov's ghost (amateur VSFi)
  3815 | D:4      | Noticed an ogre
  3824 | D:4      | Killed an ogre
  3825 | D:4      | Reached XP level 6. HP: 36/36 MP: 5/11
  3831 | D:4      | Learned a level 3 spell: Inner Flame
  4557 | D:4      | Found a staircase to the Ecumenical Temple.
  4635 | Temple   | Entered the Ecumenical Temple
  4845 | Temple   | Became a worshipper of Ashenzari the Shackled
  4937 | D:4      | Found a sacrificial altar of Ru.
  4985 | D:5      | Entered Level 5 of the Dungeon
  4996 | D:5      | Learned a level 4 spell: Flame Wave
  5049 | D:5      | Reached skill level 5 in Fire Magic
  5049 | D:5      | Reached XP level 7. HP: 41/41 MP: 9/13
  5084 | D:5      | Found Moal Pyo's Antique Weapon Shoppe.
  5257 | D:5      | Noticed Pikel
  6324 | D:5      | You fall into a shaft and drop 1 floor!
  6324 | D:6      | Noticed Blork the orc
  6597 | D:6      | Found a hazy altar of Hepliaklqana.
  6638 | D:6      | Noticed Grinder
  6652 | D:6      | Killed Grinder
  6653 | D:6      | Reached skill level 5 in Spellcasting
  6653 | D:6      | Reached skill level 5 in Conjurations
  6653 | D:6      | Reached skill level 6 in Fire Magic
  6653 | D:6      | Reached XP level 8. HP: 46/46 MP: 4/15
  6852 | D:6      | Noticed Edmund
  6867 | D:6      | Killed Blork the orc
  7034 | D:6      | Slain by an unseen horror

Illustrated notes

Levels and vault maps discovered:
D:1:      dpeg_arrival_round_c, layout_rooms, hangedman_decor_opposing,
          minmay_misc_feat_tower
D:2:      minmay_wonky_spiral, layout_basic
D:3:      wander_river, layout_basic, serial_corexii_hall,
          corexii_hall_statues_t, chequers_hall_statues_y,
          ebering_ghost_rock_garden
D:4:      layout_rooms, mainiacjoe_overflow_six_doors_small,
          minmay_temple_entry_hall, kennysheep_potato
D:5:      layout_loops_ring, gammafunk_temple_overflow_wave, serial_shops,
          nicolae_take_the_stairs, uniq_pikel
D:6:      layout_basic, nicolae_hepliaklqana_hazy_memory, uniq_blork_the_orc,
          uniq_duvessa, uniq_grinder, uniq_edmund
Temple:   eino_narrow_crystal_temple

Skill      XL: |  1  2  3  4  5  6  7 |
---------------+----------------------+-----
Conjurations   | 2 3 4 5 |  5.3
Spellcasting   | 3 4 5 |  5.3
Fire Magic     | 4 5 6 |  6.2
Dodging        | |  2.0
Stealth        | |  2.6

Action                   |  1- 3 |  4- 6 |  7- 9 || total
-------------------------+-------+-------+-------++-------
Melee: Unarmed           |    29 |     8 |       ||    37
       Tentacles         |     9 |     1 |       ||    10
       Constrict         |     8 |     2 |       ||    10
 Cast: Foxfire           |    61 |    87 |    32 ||   180
       Scorch            |     2 |     9 |    16 ||    27
       Conjure Flame     |       |       |     4 ||     4
Invok: Curse Item        |       |       |     1 ||     1
  Use: Scroll            |     4 |     7 |     3 ||    14
       Potion            |       |     1 |     1 ||     2
Armor: Skin              |     7 |     4 |     1 ||    12
Dodge: Dodged            |    31 |    30 |    15 ||    76

Table legend: (Time is in decaauts)
 A = Elapsed time spent in this place.
 B = Non-inter-level travel time spent in this place.
 C = Inter-level travel time spent in this place.
 D = Time resting spent in this place.
 E = Time spent auto-exploring this place.
 F = Levels seen in this place.
 G = Mean time per level.
                   A        B        C        D        E       F      G
               +--------+--------+--------+--------+--------+-----+--------+
         Total |   7035 |   6887 |    148 |   1287 |   4785 |   7 | 1005.0 |
       Dungeon |   6818 |   6692 |    126 |   1287 |   4597 |   6 | 1136.3 |
        Temple |    216 |    195 |     21 |      0 |    188 |   1 |  216.0 |
               +--------+--------+--------+--------+--------+-----+--------+

Top non-repeatable levels by time:
     D:1: 1591 daAuts
     D:3: 1552 daAuts
     D:5: 1338 daAuts
     D:2: 951 daAuts
     D:6: 709 daAuts
     D:4: 675 daAuts
  Temple: 216 daAuts
